 Dungeon Crawl Stone Soup version 0.24-a0-779-g36f0aeb843 (webtiles) character file.

Game seed: 10717045869214980632, levelgen mode: deterministic

25 Arixos the Sneak (level 2, 0/16 HPs)
             Began as a Vampire Enchanter on Oct 8, 2019.
             Slain by Grinder (7 damage)
             ... on level 2 of the Dungeon.
             The game lasted 00:04:03 (616 turns).

Arixos the Sneak (Vampire Enchanter)                 Turns: 616, Time: 00:04:03

Health: 0/16       AC:  3    Str:  7    XL:     2   Next: 86%
Magic:  2/5        EV: 13    Int: 17    God:
Gold:   52         SH:  0    Dex: 14    Spells: 2/5 levels left

rFire    . . .     SeeInvis +   a - +1 dagger
rCold    + + .     Gourm    .   (no shield)
rNeg     + + +     Faith    .   b - +0 robe
rPois    ∞         Spirit   .   d - +0 helmet
rElec    .         Reflect  .   (no cloak)
rCorr    .         Harm     .   (no gloves)
MR       .....                  (no boots)
Stlth    +++++.....             (no amulet)
HPRegen  0.00/turn              (no ring)
MPRegen  0.09/turn              (no ring)

@: very slightly contaminated, bloodless, regenerating quickly
A: no food, fangs 3, see invisible, unbreathing
a: Revivify


You were on level 2 of the Dungeon.
You were bloodless.

You visited 1 branch of the dungeon, and saw 3 of its levels.

You collected 52 gold pieces.

Inventory:

Hand Weapons
 a - a +1 dagger (weapon)
Armour
 b - a +0 robe (worn)
 d - a +0 helmet (worn)
Scrolls
 c - 3 scrolls of remove curse {unknown}
 e - 2 scrolls of teleportation {unknown}
 j - 2 scrolls of blinking {unknown}
 k - 2 scrolls of identify {unknown}
Potions
 f - 3 potions of degeneration {unknown}
 g - a potion of mutation {unknown}
 h - a potion of agility {unknown}
 i - a potion of ambrosia {unknown}


   Skills:
 + Level 0.8 Fighting
 + Level 1.5 Short Blades
 + Level 2.5 Dodging
 + Level 4.7 Stealth
 + Level 2.2 Spellcasting
 + Level 4.6 Hexes


You had 2 spell levels left.
You knew the following spells:

 Your Spells              Type           Power        Failure   Level  Hunger
a - Ensorcelled Hibernat  Hex/Ice        #.....       11%         2    N/A
b - Corona                Hex            ###....      2%          1    N/A

Your spell library contained the following spells:

 Spells                   Type           Power        Failure   Level  Hunger
 Confuse                  Hex            ###.....     9%          3    N/A
 Tukima's Dance           Hex            ###.....     9%          3    N/A
 Dazzling Spray           Conj/Hex       #.....       22%         3    N/A

Dungeon Overview and Level Annotations

Branches:
Dungeon (3/15)

Altars:

Annotations:
D:2 Grinder


Innate Abilities, Weirdness & Mutations

You do not eat.
You do not regenerate when monsters are visible.
You are frail without blood (-20% HP).
You are immune to poison.
You have razor-sharp teeth.
You have supernaturally acute eyesight. (SInv)
You can survive without breathing.


Message History

Aim: a gnoll
Okay, then.
You barely miss the gnoll. The rat barely misses you. The gnoll misses you.
You hit the rat.
The rat is severely wounded.
Grinder shouts!
You hear a shout!
The rat bites you but does no damage.
The hobgoblin shouts!
You hit the rat.
You kill the rat!
The gnoll hits you. The hobgoblin misses you. The gnoll barely misses you.
There is a stone staircase leading up here.
The hobgoblin closely misses you. The gnoll barely misses you.
Grinder barely misses you.
You climb upwards.
The gnoll barely misses you.
There is a stone staircase leading down here.
The hobgoblin closely misses you. The gnoll closely misses you.
Grinder hits you!
You die...

############
#.g........#
#.g........#
#@ggg......#
#g5........#
########...<..
#####... ....
.## .


You could see Grinder, 4 gnolls and 2 hobgoblins.

Vanquished Creatures
  2 dart slugs (D:1)
  4 bats (D:1)
  3 giant cockroaches (D:1)
  A goblin (D:1)
  A hobgoblin (D:1)
  2 jackals (D:1)
  5 kobolds (D:1)
  A frilled lizard (D:1)
  A rat (D:3)
20 creatures vanquished.

Notes
Turn   | Place    | Note
-------+----------+-------------------------------------------
     0 | D:1      | Arixos the Vampire Enchanter began the quest for the Orb.
     0 | D:1      | Reached XP level 1. HP: 13/13 MP: 3/3
   117 | D:1      | Reached XP level 2. HP: 16/16 MP: 5/5
   121 | D:1      | Learned a level 2 spell: Ensorcelled Hibernation
   608 | D:3      | Noticed Grinder
   616 | D:2      | Slain by Grinder

Levels and vault maps discovered:
D:1:      dpeg_arrival_fog, layout_rooms, roderic_lattice_a
D:2:      layout_rooms, uniq_terence, uniq_robin
D:3:      layout_basic, first_ration, minmay_misc_feat_enclosed, uniq_sigmund,
          uniq_grinder

Action                   || total
-------------------------++-------
Melee: Dagger            ||    29
       Bite              ||     3
 Cast: Corona            ||     1
       Ensorcelled Hiber ||     4
 Abil: Exsanguinate      ||     1
 Stab: Sleeping          ||    17
Armor: Robe              ||     6
Dodge: Dodged            ||    21

Table legend:
 A = Non-vault XP
 B = Vault XP
 C = Vault XP percentage of total XP
 D = Non-vault monster count
 E = Vault monster count
 F = Vault count percentage of total count
                 A         B        C        D         E       F
            +---------+---------+-------+---------+---------+-------
      Total |      37 |       0 |   0.0 |      20 |       0 |   0.0
            +---------+---------+-------+---------+---------+-------
        D:1 |      36 |       0 |   0.0 |      19 |       0 |   0.0
        D:3 |       1 |       0 |   0.0 |       1 |       0 |   0.0
            +---------+---------+-------+---------+---------+-------
